 Dungeon Crawl Stone Soup version 0.23-a0-143-g1adec7bb76 (webtiles) character file.

3867 Napalmbreeze the Destroyer (level 9, -3/49 HPs)
             Began as a Deep Elf Fire Elementalist on Sept 4, 2018.
             Was a Follower of Vehumet.
             Slain by a hornet (8 damage)
             ... on level 11 of the Dungeon.
             The game lasted 00:44:23 (8937 turns).

Napalmbreeze the Destroyer (DEFE)                   Turns: 8937, Time: 00:44:24

Health: -3/49      AC:  7    Str:  5    XL:     9   Next: 99%
Magic:  18/24      EV: 16    Int: 24    God:    Vehumet [*.....]
Gold:   282        SH:  0    Dex: 15    Spells: 12/27 levels left

rFire    + + .     SeeInvis .   m - staff of fire
rCold    . . .     Gourm    .   (no shield)
rNeg     . . .     Faith    .   D - +2 robe {rF+}
rPois    .         Spirit   .   k - +0 helmet
rElec    .         Reflect  .   d - +0 cloak
rCorr    .         Harm     .   (no gloves)
MR       .....                  x - +0 pair of boots
Stlth    ++........             u - amulet of magic regeneration
HPRegen  0.16/turn              e - ring of flight
MPRegen  0.44/turn              (no ring)

@: slowed, invisible, very slow
A: no striking features
a: Renounce Religion, Evoke Flight


You were on level 11 of the Dungeon.
You worshipped Vehumet.
Vehumet was aware of your devotion.
You were not hungry.

You visited 1 branch of the dungeon, and saw 9 of its levels.

You collected 282 gold pieces.

Inventory:

Hand Weapons
 n - the +3 trident "Vuihaisuot" {pierce, rElec Int+6 SInv}
   (You found it on level 8 of the Dungeon)

   It inflicts extra damage upon your enemies.
   It affects your intelligence (+6).
   It insulates you from electricity.
   It lets you see invisible.
 t - the +8 scythe of Responsibility {speed, +Blink +Fly rN+ Dex-3}
   (You found it on level 6 of the Dungeon)

   Attacks with this weapon are significantly faster.
   It affects your dexterity (-3).
   It protects you from negative energy.
   It lets you fly.
   It lets you blink.
Missiles
 g - 70 poisoned needles
Armour
 d - a +0 cloak (worn)
 k - a +0 helmet (worn)
 x - a +0 pair of boots (worn)
 D - a +2 robe of fire resistance (worn)
Magical Staves
 m - an uncursed staff of fire (weapon)
Jewellery
 e - a ring of flight (left hand)
 u - an amulet of magic regeneration (around neck)
Wands
 y - a wand of random effects (13)
 E - a wand of paralysis (9)
Scrolls
 b - 2 scrolls of amnesia {unknown}
 f - 2 scrolls of enchant weapon {unknown}
 i - 2 scrolls of teleportation {unknown}
 j - 3 scrolls of identify
 l - 2 scrolls of immolation {unknown}
 o - 3 scrolls of fog {unknown}
 v - 3 scrolls of magic mapping
 z - 2 scrolls of remove curse {unknown}
Potions
 a - a potion of mutation {unknown}
 p - 4 potions of degeneration {unknown}
 q - a potion of curing {unknown}
 r - 4 potions of invisibility
 s - a potion of agility {unknown}
 w - a potion of lignification {unknown}
 B - a potion of flight {unknown}
 C - a potion of brilliance {unknown}
Comestibles
 c - 9 rations


   Skills:
 + Level 2.5 Fighting
 * Level 6.2 Dodging
 - Level 2.4 Stealth
 + Level 9.7 Spellcasting
 - Level 10.0 Conjurations
 - Level 7.6 Fire Magic


You had 12 spell levels left.
You knew the following spells:

 Your Spells              Type           Power        Failure   Level  Hunger
a - Flame Tongue          Conj/Fire      #####        1%          1    None
d - Conjure Flame         Conj/Fire      ######..     1%          3    None
e - Fireball              Conj/Fire      ######....   4%          5    ####...
f - Sticky Flame          Conj/Fire      ######..     1%          4    #......
s - Throw Flame           Conj/Fire      ######       1%          2    None

Your spell library contained the following spells:

 Spells                   Type           Power        Failure   Level  Hunger
 Sting                    Conj/Pois      ####         1%          1    None
 Inner Flame              Hex/Fire       #####...     3%          3    None


Dungeon Overview and Level Annotations

Branches:
Dungeon (8/15)             Temple (0/1) D:7
   Lair: D:8-11

Altars:
Ashenzari
Cheibriados
Dithmenos
Gozag
Kikubaaqudgha
Makhleb
Okawaru
Uskayaw
Vehumet
Zin
The Shining One

Annotations:
D:5 exclusion: downstairs
D:7 Joseph
D:11 Harold


Message History

The worker ant is covered in liquid flames!
The worker ant burns!
The hornet burns!
The hornet closely misses you. The worker ant closely misses you.
The orc hits you but does no damage. The hornet stings you!
You feel yourself slow down.
The worker ant burns! x2; The hornet burns! x2; The hornet stings you.
* * * LOW HITPOINT WARNING * * *
You feel as though you will be slow longer.
The worker ant bites you!
* * * LOW HITPOINT WARNING * * *
The orc completely misses you.
Unknown command.
It was a potion of invisibility.
You fade into invisibility!
The worker ant burns!
You kill the worker ant!
Vehumet accepts your kill.
The hornet burns!
The hornet stings you but does no damage.
The hornet stings you!
You die...

.......................
........................
................).......
........................
........................
...............#........
..............###.......
.......o.....## ##......
.......@y...## #.....
.............# ...
..............#
...............#
#........###.....
##.......# #....
##..[...+ #.. ##.....#


You could see a hornet (burning) and an orc.

Vanquished Creatures
  A two-headed ogre (D:8)
  Pikel (D:6)
  Menkaure (D:6)
  A water moccasin (D:5)
  Duvessa (D:6)
  A sky beast (D:5)
  4 slaves
  2 phantoms (D:7)
  4 ogres
  A crocodile (D:8)
  2 centaurs
  3 bullfrogs
  A wyvern skeleton (D:6)
  2 scorpions (D:8)
  Dowan (D:6)
  5 killer bees (D:8)
  5 wights (D:8)
  2 howler monkeys
  2 crimson imps
  2 orc priests
  A bullfrog zombie (D:7)
  3 hounds
  2 jellies (D:5)
  Jessica (D:2)
  2 orc wizards
  7 worker ants
  A killer bee zombie (D:6)
  A hound skeleton (D:6)
  6 adders
  2 oozes
  An adder skeleton (D:8)
  2 adder zombies
  A worm (D:2)
  3 dart slugs
  7 leopard geckos
  16 orcs
  A ball python (D:4)
  5 bats
  7 giant cockroaches
  5 goblins
  6 hobgoblins
  2 jackals (D:5)
  4 kobolds
  3 quokkas
  3 frilled lizards
  A jackal zombie (D:5)
  2 leopard gecko skeletons
  A quokka skeleton (D:5)
  9 rats
147 creatures vanquished.

Notes
Turn   | Place    | Note
-------+----------+-------------------------------------------
     0 | D:1      | Napalmbreeze the Deep Elf Fire Elementalist began the quest
                  | for the Orb.
     0 | D:1      | Reached XP level 1. HP: 10/10 MP: 6/6
   516 | D:1      | Reached skill level 2 in Conjurations
   516 | D:1      | Reached XP level 2. HP: 15/15 MP: 5/8
  1015 | D:2      | Found a snail-covered altar of Cheibriados.
  1100 | D:2      | Found a shadowy altar of Dithmenos.
  1143 | D:2      | Found a shattered altar of Ashenzari.
  1524 | D:2      | Reached XP level 3. HP: 19/19 MP: 7/10
  1533 | D:2      | Noticed Jessica
  1574 | D:2      | Killed Jessica
  1574 | D:2      | Reached skill level 3 in Conjurations
  1687 | D:3      | Learned a level 3 spell: Conjure Flame
  1690 | D:3      | Learned a level 2 spell: Throw Flame
  1696 | D:3      | Reached XP level 4. HP: 24/24 MP: 6/11
  2643 | D:3      | Found an iron altar of Okawaru.
  2643 | D:3      | Found a glowing silver altar of Zin.
  2760 | D:4      | Learned a level 4 spell: Sticky Flame
  2887 | D:4      | Noticed an ogre
  2990 | D:4      | Noticed an ogre
  2997 | D:4      | Killed an ogre
  2997 | D:4      | Reached skill level 4 in Conjurations
  2997 | D:4      | Reached XP level 5. HP: 28/28 MP: 4/13
  3354 | D:4      | Reached XP level 6. HP: 32/32 MP: 8/15
  3525 | D:4      | You fall through a shaft for 2 floors!
  3531 | D:5      | Entered Level 5 of the Dungeon
  3665 | D:4      | Reached skill level 5 in Spellcasting
  3665 | D:4      | Reached skill level 5 in Conjurations
  3898 | D:4      | Found a glowing golden altar of the Shining One.
  3983 | D:5      | Reached skill level 5 in Fire Magic
  4533 | D:5      | Reached XP level 7. HP: 36/36 MP: 11/17
  4809 | D:5      | Reached skill level 6 in Conjurations
  5351 | D:5      | Reached skill level 7 in Conjurations
  5497 | D:6      | Got an encrusted scythe
  5506 | D:6      | Identified the +8 scythe of Responsibility {speed, +Blink
                  | +Fly rN+ Dex-3} (You found it on level 6 of the Dungeon)
  5522 | D:6      | Noticed Dowan
  5523 | D:6      | Noticed Duvessa
  5546 | D:6      | Killed Dowan
  5546 | D:6      | Reached XP level 8. HP: 41/41 MP: 12/20
  5612 | D:6      | Killed Duvessa
  5882 | D:6      | Learned a level 5 spell: Fireball
  5943 | D:6      | Noticed Pikel
  6017 | D:6      | Found a burning altar of Makhleb.
  6018 | D:6      | Found a radiant altar of Vehumet.
  6034 | D:6      | Reached skill level 8 in Conjurations
  6037 | D:6      | Became a worshipper of Vehumet
  6111 | D:6      | Found an ancient bone altar of Kikubaaqudgha.
  6179 | D:6      | Found an opulent altar of Gozag.
  6182 | D:6      | Noticed Menkaure
  6186 | D:6      | Killed Menkaure
  6813 | D:6      | Killed Pikel
  6813 | D:6      | Reached skill level 9 in Conjurations
  6813 | D:6      | Reached XP level 9. HP: 45/45 MP: 11/23
  6977 | D:7      | Found a staircase to the Ecumenical Temple.
  7145 | D:7      | Found a hide-covered altar of Uskayaw.
  7403 | D:6      | Reached skill level 10 in Conjurations
  7795 | D:7      | Noticed Joseph
  8332 | D:8      | Noticed a two-headed ogre
  8344 | D:8      | Killed a two-headed ogre
  8344 | D:8      | Reached skill level 1 in Fighting
  8344 | D:8      | Reached skill level 5 in Dodging
  8436 | D:8      | Reached * piety under Vehumet
  8436 | D:8      | Offered knowledge of Sting by Vehumet.
  8869 | D:8      | Got a pitted trident
  8879 | D:8      | Identified the +3 trident "Vuihaisuot" {pierce, rElec Int+6
                  | SInv} (You found it on level 8 of the Dungeon)
  8904 | D:8      | You fall through a shaft for 3 floors!
  8913 | D:11     | Noticed Harold
  8917 | D:11     | Paralysed by a hornet for 1 turns
  8937 | D:11     | Slain by a hornet

Vault maps used:
D:1:      dpeg_arrival_rooms_with_view
D:2:      lemuel_doored_altar, old_standard_altar, grunt_dithmenos_smoke,
          minmay_misc_feat_cross, uniq_jessica
D:3:      gammafunk_temple_overflow_statue
D:4:      marbit_many_paths, first_ration, corexii_item_surrounded_by_moat
D:5:      grunt_decor_arrowhead
D:6:      grunt_temple_overflow_lords_of_destruction, kiku_gazebo_pond_becter,
          basic_altar, uniq_menkaure, uniq_duvessa, uniq_pikel
D:7:      lemuel_round_altar, minmay_temple_entry_large_hall, grunt_livestock,
          uniq_joseph
D:8:      serial_shops, kennysheep_mini_moat, nicolae_tso_carved_into_rock
D:11:     enter_trove_0, grunt_ministairs_8, hangedman_misty_isle, uniq_harold

Skill      XL: |  1  2  3  4  5  6  7  8  9 |
---------------+----------------------------+-----
Conjurations   | 2 3 4 5 7 9 10 | 10.0
Fire Magic     | 4 5 6 7 |  7.6
Spellcasting   | 4 5 6 8 9 |  9.7
Dodging        | 6 |  6.2
Fighting       | 2 |  2.5
Stealth        | |  2.4

Action                   |  1- 3 |  4- 6 |  7- 9 || total
-------------------------+-------+-------+-------++-------
Melee: Spear             |     1 |       |       ||     1
       Staff             |       |    13 |     2 ||    15
       Scythe            |       |       |    22 ||    22
Throw: Stone             |    11 |     1 |       ||    12
 Cast: Flame Tongue      |    43 |    72 |   174 ||   289
       Throw Flame       |       |    24 |    29 ||    53
       Conjure Flame     |       |     3 |    15 ||    18
       Sticky Flame      |       |     1 |    18 ||    19
       Fireball          |       |       |    10 ||    10
 Abil: Evoke Flight      |       |     1 |       ||     1
Evoke: Wand              |       |       |     8 ||     8
  Use: Scroll            |       |     1 |     4 ||     5
       Potion            |       |       |     1 ||     1
 Stab: Sleeping          |     1 |       |       ||     1
  Eat: Chunk             |     2 |     6 |    10 ||    18
       Ration            |       |     1 |     2 ||     3
Armor: Robe              |     6 |     8 |    23 ||    37
Dodge: Dodged            |     6 |    29 |    64 ||    99

Table legend:
 A = Non-vault XP
 B = Vault XP
 C = Vault XP percentage of total XP
 D = Non-vault monster count
 E = Vault monster count
 F = Vault count percentage of total count
                 A         B        C        D         E       F
            +---------+---------+-------+---------+---------+-------
      Total |    4404 |    1121 |  20.3 |     135 |       8 |   5.6
            +---------+---------+-------+---------+---------+-------
        D:1 |      21 |       3 |  12.5 |       8 |       2 |  20.0
        D:2 |      29 |      37 |  56.1 |      10 |       1 |   9.1
        D:3 |      68 |       0 |   0.0 |      29 |       0 |   0.0
        D:4 |     480 |       0 |   0.0 |      13 |       0 |   0.0
        D:5 |     734 |       0 |   0.0 |      24 |       0 |   0.0
        D:6 |     599 |    1081 |  64.3 |      12 |       5 |  29.4
        D:7 |     595 |       0 |   0.0 |      14 |       0 |   0.0
        D:8 |    1846 |       0 |   0.0 |      24 |       0 |   0.0
       D:11 |      32 |       0 |   0.0 |       1 |       0 |   0.0
            +---------+---------+-------+---------+---------+-------
